 Dungeon Crawl Stone Soup version 0.17.1-1-g73c8601 (webtiles) character file.

9 Implojin the Ruffian (level 2, -4/29 HPs)
             Began as a Troll Fighter on Mar 31, 2016.
             Slain by a sky beast (6 damage)
             ... on level 5 of the Dungeon.
             The game lasted 00:00:47 (120 turns).

Implojin the Ruffian (Troll Fighter)                 Turns: 120, Time: 00:00:47

Health: -4/29      AC:  5    Str: 23    XL:     2   Next: 3%
Magic:  1/1        EV:  8    Int:  4    God:
Gold:   5          SH:  8    Dex:  9    Spells: 0 memorised, 1 level left

rFire  . . .     SeeInvis .       - Unarmed
rCold  . . .     Clarity  .     a - +0 robe
rNeg   . . .     SustAt   .     b - +0 shield
rPois  .         Gourm    +     (helmet restricted)
rElec  .         Spirit   .     (no cloak)
rCorr  .         Warding  .     (gloves unavailable)
rMut   .         Stasis   .     (boots unavailable)
MR     .....                    (no amulet)
Stlth  +.........               (no ring)
                                (no ring)

@: not resistant to hostile enchantments, very unstealthy
A: unfitting armour, claws 3, fast metabolism 3, gourmand, regeneration 2,
shaggy fur 1, tough skin 2
a: no special abilities


You were on level 5 of the Dungeon.
You were not hungry.

You visited 1 branch of the dungeon, and saw 4 of its levels.

You collected 5 gold pieces.

Inventory:

Armour
 a - a +0 robe (worn)
 b - a +0 shield (worn)
Scrolls
 e - a scroll of remove curse {unknown}
Potions
 c - a potion of might
Comestibles
 d - 2 bread rations


   Skills:
 - Level 2.4 Fighting
 - Level 2.4 Dodging
 - Level 2.4 Shields
 * Level 2.8 Unarmed Combat


You had one spell level left.
You didn't know any spells.

Dungeon Overview and Level Annotations

Branches:
Dungeon (5/15)
 Temple: D:4-7

Altars:


Innate Abilities, Weirdness & Mutations

You are too large for most types of armour.
You have claws for hands.
Your metabolism is lightning-fast.
You like to eat raw meat.
You heal very quickly.
You are covered in fur (AC +1).
You have very tough skin (AC +2).


Message History

You claw the sky beast!
The sky beast is heavily wounded.
The sky beast hits you but does no damage.
You scratch the sky beast.
The sky beast is severely wounded.
The sky beast hits you. The sky beast shocks you.
* * * LOW HITPOINT WARNING * * *
Unknown command.
You closely miss the sky beast.
The sky beast is severely wounded.
The sky beast hits you.
* * * LOW HITPOINT WARNING * * *
The sky beast shocks you.
* * * LOW HITPOINT WARNING * * *
You scratch the sky beast.
The sky beast is almost dead.
The sky beast hits you but does no damage.
Unknown command.
You miss the sky beast.
The sky beast is almost dead.
You block the sky beast's attack. The sky beast hits you.
* * * LOW HITPOINT WARNING * * *
The sky beast shocks you.
* * * LOW HITPOINT WARNING * * *
You closely miss the sky beast.
The sky beast is almost dead.
You block the sky beast's attack.
You closely miss the sky beast.
The sky beast is almost dead.
The sky beast hits you but does no damage.
You completely miss the sky beast.
The sky beast is almost dead.
The sky beast hits you but does no damage.
Unknown command.
You scratch the sky beast but do no damage.
The sky beast is almost dead.
The sky beast hits you.
* * * LOW HITPOINT WARNING * * *
The sky beast shocks you.
You die...

######. ........
.##....#########
......Y........#
...............#
#.##.#......?..#
#.##...{<^......
#.##.##.........
#@##ยง##.........
#.Y.............
####.#########..
#.# ( #.# #.# #.#
#.. ###


You could see a sky beast.

Vanquished Creatures
  An adder (D:2)
1 creature vanquished.

Notes
Turn   | Place    | Note
--------------------------------------------------------------
     0 | D:1      | Implojin the Troll Fighter began the quest for the Orb.
     0 | D:1      | Reached XP level 1. HP: 22/22 MP: 0/0
    76 | D:2      | Reached XP level 2. HP: 26/29 MP: 1/1
    77 | D:2      | You fall through a shaft for 2 floors!
    95 | D:5      | Entered Level 5 of the Dungeon
    95 | D:5      | Noticed a sky beast
   116 | D:5      | HP: 1/29 [sky beast (5)]
   120 | D:5      | Slain by a sky beast

Action                   || total
-------------------------++-------
Melee: Unarmed           ||    16

Table legend:
 A = Turns spent in this place as a percentage of turns spent in the entire game.
 B = Non-inter-level travel turns spent in this place as a percentage of non-inter-level travel turns spent in the entire game.
 C = Inter-level travel turns spent in this place as a percentage of turns spent in this place.
 D = Turns resting spent in this place as a percentage of non-inter-level travel turns spent in this place.
 E = Turns spent auto-exploring this place as a percentage of non-inter-level travel turns spent in this place.
 F = Non-inter-level travel turns spent in this place divided by the number of levels of this place that you've seen.
                   A       B       C       D       E      F
               +-------+-------+-------+-------+-------+----------------------
         Total | 100.0 | 100.0 |   0.0 |   0.0 |   0.0 |  31.2
       Dungeon | 100.0 | 100.0 |   0.0 |   0.0 |   0.0 |  31.2
               +-------+-------+-------+-------+-------+----------------------

Table legend:
 A = Kills in this place as a percentage of kills in entire the game.
 B = Kills by you in this place as a percentage of kills by you in the entire game.
 C = Kills by friends in this place as a percentage of kills by friends in the entire game.
 D = Other kills in this place as a percentage of other kills in the entire game.
 E = Experience gained in this place as a percentage of experience gained in the entire game.
 F = Experience gained in this place divided by the number of levels of this place that you have seen.
                   A       B       C       D       E      F
               +-------+-------+-------+-------+-------+----------------------
         Total | 100.0 | 100.0 |  -nan |  -nan | 100.0 |   3.2
       Dungeon | 100.0 | 100.0 |  -nan |  -nan | 100.0 |   3.2
               +-------+-------+-------+-------+-------+----------------------
